3180 views
Uploaded 2020-03-08 18:44:39
Game version 1.32.2
4:05 long 4on4 ladder game on (8)Deadlock_LV
Saved by TALONSARIMBA
3180 views
Uploaded 2020-03-08 18:44:39
Game version 1.32.2
4:05 long 4on4 ladder game on (8)Deadlock_LV

54 units @ 4.6k
/ 0.1k
29 buildings @ 4.4k
/ 1.2k

| Lesser Clarity Potion | 2 | 140 |
| Healing Salve | 2 | 200 |
| Scroll of Speed | 1 | 50 |
| total: | 5 | 390g |
| Peon | 8 | 600 | / | 0 |
| total: | 8 | 600g | / | 0w |
| Watch Tower | 1 | 110 | / | 80 |
| Altar of Storms | 1 | 180 | / | 50 |
| Orc Burrow | 3 | 480 | / | 120 |
| Voodoo Lounge | 1 | 130 | / | 30 |
| War Mill | 1 | 205 | / | 0 |
| Stronghold | 1 | 315 | / | 190 |
| total: | 7 | 1105g | / | 280w |
| 0:06 | Altar of Storms |
| 0:10 | Orc Burrow |
| 0:10 | Peon |
| 0:13 | Orc Burrow |
| 0:26 | Peon |
| 0:40 | Peon |
| 0:55 | Peon |
| 1:02 | Voodoo Lounge |
| 1:12 | Peon |
| 1:17 | War Mill |
| 1:27 | Peon |
| 1:34 | Peon |
| 1:54 | Peon |
| 2:10 | Lesser Clarity Potion |
| 2:10 | Healing Salve |
| 2:11 | Lesser Clarity Potion |
| 2:12 | Scroll of Speed |
| 2:12 | Healing Salve |
| 2:22 | Wind Walk |
| 2:39 | Stronghold |
| 3:01 | Orc Burrow |
| 3:10 | Watch Tower |
| Right click | 243 |
| Select group | 81 |
| Select | 80 |
| Chat | 51 |
| Build/train/purchase | 20 |
| Assign group | 2 |
| Use ability | 1 |
| Item give/drop | 1 |

| Wisp | 9 | 540 | / | 0 |
| Archer | 4 | 520 | / | 40 |
| total: | 13 | 1060g | / | 40w |
| Altar of Elders | 1 | 180 | / | 50 |
| Moon Well | 3 | 540 | / | 120 |
| Ancient of War | 1 | 150 | / | 60 |
| Hunter's Hall | 1 | 210 | / | 100 |
| Tree of Ages | 1 | 320 | / | 180 |
| total: | 6 | 1080g | / | 330w |
| 0:11 | Altar of Elders |
| 0:13 | Wisp |
| 0:13 | Wisp |
| 0:29 | Moon Well |
| 0:40 | Wisp |
| 0:43 | Ancient of War |
| 0:56 | Wisp |
| 1:10 | Wisp |
| 1:25 | Wisp |
| 1:27 | Wisp |
| 1:38 | Wisp |
| 1:41 | Moon Well |
| 1:44 | Archer |
| 1:54 | Wisp |
| 2:21 | Hunter's Hall |
| 2:38 | Moon Well |
| 2:39 | Archer |
| 2:43 | Trueshot Aura |
| 3:11 | Archer |
| 3:11 | Archer |
| 3:28 | Strength of the Moon |
| 3:57 | Tree of Ages |
| Right click | 124 |
| Select | 57 |
| Select group | 24 |
| Build/train/purchase | 17 |
| Misc. action | 9 |
| Assign group | 5 |
| Wisp | 12 | 720 | / | 0 |
| Archer | 7 | 910 | / | 70 |
| total: | 19 | 1630g | / | 70w |
| Moon Well | 3 | 540 | / | 120 |
| Ancient of War | 2 | 300 | / | 120 |
| Altar of Elders | 2 | 360 | / | 100 |
| total: | 7 | 1200g | / | 340w |
| 0:08 | Wisp |
| 0:08 | Wisp |
| 0:08 | Wisp |
| 0:08 | Wisp |
| 0:23 | Moon Well |
| 0:27 | Ancient of War |
| 1:01 | Wisp |
| 1:01 | Wisp |
| 1:01 | Wisp |
| 1:15 | Wisp |
| 1:15 | Wisp |
| 1:19 | Altar of Elders |
| 1:34 | Moon Well |
| 1:38 | Wisp |
| 2:16 | Archer |
| 2:23 | Altar of Elders |
| 2:26 | Ancient of War |
| 2:29 | Moon Well |
| 2:37 | Wisp |
| 2:37 | Wisp |
| 2:51 | Archer |
| 3:15 | Archer |
| 3:15 | Archer |
| 3:27 | Archer |
| 3:45 | Archer |
| 3:45 | Archer |
| Right click | 69 |
| Select | 48 |
| Build/train/purchase | 22 |
| Assign group | 3 |
| Misc. action | 3 |
| Use ability | 1 |

| Peasant | 9 | 675 | / | 0 |
| Footman | 5 | 675 | / | 0 |
| total: | 14 | 1350g | / | 0w |
| Farm | 4 | 320 | / | 80 |
| Altar of Kings | 1 | 180 | / | 50 |
| Barracks | 1 | 160 | / | 60 |
| Arcane Vault | 1 | 130 | / | 30 |
| Blacksmith | 1 | 140 | / | 60 |
| Lumber Mill | 1 | 120 | / | 0 |
| total: | 9 | 1050g | / | 280w |
| 0:06 | Farm |
| 0:07 | Farm |
| 0:12 | Altar of Kings |
| 0:15 | Barracks |
| 0:24 | Peasant |
| 0:24 | Peasant |
| 0:42 | Peasant |
| 0:55 | Peasant |
| 1:23 | Peasant |
| 1:23 | Peasant |
| 1:24 | Peasant |
| 1:24 | Peasant |
| 1:24 | Peasant |
| 1:44 | Footman |
| 1:50 | Farm |
| 1:59 | Footman |
| 2:14 | Arcane Vault |
| 2:26 | Footman |
| 2:39 | Footman |
| 2:50 | Farm |
| 3:01 | Footman |
| 3:07 | Storm Bolt |
| 3:20 | Blacksmith |
| 3:40 | Lumber Mill |
| Right click | 56 |
| Select | 30 |
| Build/train/purchase | 16 |
| Select group | 15 |
| Assign group | 1 |
| Use ability | 1 |
43 units @ 4.1k
/ 0.1k
29 buildings @ 3.7k
/ 1.1k

| Peasant | 7 | 525 | / | 0 |
| Footman | 3 | 405 | / | 0 |
| total: | 10 | 930g | / | 0w |
| Scout Tower | 1 | 30 | / | 20 |
| Farm | 2 | 160 | / | 40 |
| Altar of Kings | 1 | 180 | / | 50 |
| Barracks | 1 | 160 | / | 60 |
| Blacksmith | 1 | 140 | / | 60 |
| Lumber Mill | 1 | 120 | / | 0 |
| Keep | 1 | 320 | / | 210 |
| total: | 7 | 790g | / | 230w |
| 0:05 | Peasant |
| 0:05 | Peasant |
| 0:07 | Peasant |
| 0:27 | Farm |
| 0:30 | Peasant |
| 0:43 | Altar of Kings |
| 0:49 | Peasant |
| 1:05 | Barracks |
| 1:14 | Peasant |
| 1:24 | Farm |
| 1:33 | Peasant |
| 2:05 | Blacksmith |
| 2:17 | Scout Tower |
| 2:23 | Footman |
| 2:38 | Lumber Mill |
| 2:45 | Footman |
| 3:01 | Storm Bolt |
| 3:11 | Footman |
| 3:13 | Keep |
| Right click | 32 |
| Select | 29 |
| Build/train/purchase | 13 |
| Select group | 6 |
| Assign group | 3 |

| Peasant | 10 | 750 | / | 0 |
| Footman | 4 | 540 | / | 0 |
| total: | 14 | 1290g | / | 0w |
| Scout Tower | 2 | 60 | / | 40 |
| Arcane Tower | 2 | 140 | / | 100 |
| Altar of Kings | 1 | 180 | / | 50 |
| Farm | 5 | 400 | / | 100 |
| Barracks | 1 | 160 | / | 60 |
| Blacksmith | 1 | 140 | / | 60 |
| total: | 10 | 940g | / | 310w |
| 0:02 | Peasant |
| 0:06 | Altar of Kings |
| 0:12 | Farm |
| 0:17 | Barracks |
| 0:18 | Peasant |
| 0:30 | Peasant |
| 0:42 | Farm |
| 0:48 | Peasant |
| 1:05 | Peasant |
| 1:14 | Peasant |
| 1:20 | Footman |
| 1:22 | Peasant |
| 1:27 | Farm |
| 1:35 | Peasant |
| 1:46 | Footman |
| 2:04 | Blacksmith |
| 2:09 | Summon Water Elemental |
| 2:15 | Peasant |
| 2:19 | Farm |
| 2:32 | Footman |
| 2:56 | Scout Tower |
| 3:01 | Scout Tower |
| 3:04 | Footman |
| 3:13 | Peasant |
| 3:19 | Farm |
| 3:34 | Arcane Tower |
| 3:36 | Arcane Tower |
| Right click | 94 |
| Select | 52 |
| Select group | 31 |
| Build/train/purchase | 20 |
| Chat | 6 |
| Assign group | 4 |
| Remove unit | 1 |

| Rod of Necromancy | 1 | 150 |
| total: | 1 | 150g |
| Acolyte | 3 | 225 | / | 0 |
| Ghoul | 4 | 480 | / | 0 |
| Crypt Fiend | 3 | 645 | / | 120 |
| total: | 10 | 1350g | / | 120w |
| Altar of Darkness | 1 | 180 | / | 50 |
| Ziggurat | 3 | 450 | / | 150 |
| Crypt | 1 | 200 | / | 50 |
| Graveyard | 1 | 215 | / | 0 |
| Tomb of Relics | 1 | 130 | / | 30 |
| total: | 7 | 1175g | / | 280w |
| 0:03 | Acolyte |
| 0:07 | Altar of Darkness |
| 0:10 | Ziggurat |
| 0:14 | Acolyte |
| 0:36 | Crypt |
| 0:47 | Acolyte |
| 1:06 | Ziggurat |
| 1:22 | Graveyard |
| 1:42 | Ghoul |
| 1:50 | Tomb of Relics |
| 1:57 | Ghoul |
| 2:06 | Ghoul |
| 2:11 | Death Coil |
| 2:22 | Ghoul |
| 2:34 | Ziggurat |
| 2:54 | Rod of Necromancy |
| 3:16 | Crypt Fiend |
| 3:32 | Crypt Fiend |
| 3:53 | Crypt Fiend |
| Right click | 86 |
| Select | 41 |
| Build/train/purchase | 14 |
| Use ability | 3 |

| Wisp | 9 | 540 | / | 0 |
| total: | 9 | 540g | / | 0w |
| Altar of Elders | 1 | 180 | / | 50 |
| Moon Well | 2 | 360 | / | 80 |
| Ancient of War | 2 | 300 | / | 120 |
| total: | 5 | 840g | / | 250w |
| 0:07 | Wisp |
| 0:07 | Wisp |
| 0:21 | Altar of Elders |
| 0:25 | Wisp |
| 0:26 | Wisp |
| 0:26 | Wisp |
| 0:26 | Wisp |
| 0:26 | Wisp |
| 0:26 | Wisp |
| 0:47 | Moon Well |
| 1:47 | Moon Well |
| 2:17 | Ancient of War |
| 2:34 | Wisp |
| 2:46 | Fan of Knives |
| 3:19 | Ancient of War |
| Right click | 50 |
| Select | 42 |
| Build/train/purchase | 13 |
| Esc | 3 |
| Use ability | 1 |
⇛